 Dungeon Crawl Stone Soup version 0.17-a0-1534-gf98da79 (webtiles) character file.

60 urechis the Conjurer (level 4, -1/24 HPs)
             Began as a Gargoyle Wizard on July 17, 2015.
             Killed from afar by urechis's ghost (7 damage)
             ... with a magic dart
             ... on level 3 of the Dungeon.
             The game lasted 00:03:23 (1778 turns).

urechis the Conjurer (Gargoyle Wizard)              Turns: 1778, Time: 00:03:23

Health: -1/24      AC:  6    Str: 11    XL:     4   Next: 4%
Magic:  4/8        EV: 11    Int: 19    God:
Gold:   102        SH:  0    Dex:  8    Spells: 1 memorised, 8 levels left

rFire  . . .     SeeInvis .     n - +0 spear
rCold  . . .     Clarity  .     a - +0 robe
rNeg   + . .     SustAt   .     (no shield)
rPois  ∞         Gourm    .     b - +0 hat
rElec  +         Spirit   .     h - +0 cloak
rCorr  .         Warding  .     (no gloves)
rMut   .         Stasis   .     (no boots)
MR     .....                    (no amulet)
Stlth  ++........               (no ring)
                                (no ring)

@: not resistant to hostile enchantments, unstealthy
A: negative energy resistance 1, electricity resistance, unbreathing,
petrification resistance, rot immunity, AC +3
a: no special abilities


You were on level 3 of the Dungeon.
You were hungry.

You visited 1 branch of the dungeon, and saw 3 of its levels.

You collected 102 gold pieces.

Inventory:

Hand weapons
 n - a +0 spear (weapon)
Armour
 a - a +0 robe (worn)
 b - a +0 hat (worn)
 h - a +0 cloak (worn)
Jewellery
 p - an uncursed ring of stealth {unknown}
Scrolls
 e - a scroll of amnesia {unknown}
 g - a scroll of remove curse {unknown}
 k - 2 scrolls of random uselessness {unknown}
 m - 2 scrolls of teleportation {unknown}
 o - a scroll of noise {unknown}
 q - a scroll of identify {unknown}
 s - a scroll of immolation {unknown}
 t - a scroll of enchant armour {unknown}
Potions
 f - a potion of brilliance {unknown}
 i - a potion of flight {unknown}
 j - 2 potions of curing {unknown}
 l - a potion of haste {unknown}
 u - a potion of might {unknown}
 v - a potion of cure mutation {unknown}
Books
 c - a book of Minor Magic

   Spells                             Type                      Level
   a - Magic Dart                     Conjuration                  1
   b - Blink                          Translocation                2
   c - Call Imp                       Summoning                    2
   d - Repel Missiles                 Charms/Air                   2
   e - Slow                           Hexes                        2
   f - Conjure Flame                  Conjuration/Fire             3
   g - Mephitic Cloud                 Conjuration/Poison/Air       3
Comestibles
 d - a bread ration
 r - 3 fruits


   Skills:
 - Level 1.5 Dodging
 - Level 2.1 Stealth
 - Level 3.0 Spellcasting
 + Level 4.1 Conjurations
   Level 0.8 Summonings
   Level 0.8 Translocations


You had 8 spell levels left.
You knew the following spells:

 Your Spells              Type           Power        Failure   Level  Hunger
a - Magic Dart            Conj           ###.         3%          1    None


Dungeon Overview and Level Annotations

Branches:
Dungeon (3/15)

Altars:
Cheibriados

Annotations:
D:3 urechis's ghost, average GrWz


Innate Abilities, Weirdness & Mutations

You are resistant to torment.
Your stone body is resilient (AC +3).
You are immune to poison.
You resist negative energy.
You are resistant to electric shocks.
You can survive without breathing.
You are immune to petrification.
You are immune to rotting.


Message History

You hit urechis's ghost but do no damage.
Urechis's ghost is moderately damaged.
Urechis's ghost points at you and mumbles some strange words.
The magic dart hits you!
You hit urechis's ghost.
Urechis's ghost is heavily damaged.
Urechis's ghost hits you but does no damage.
You hit urechis's ghost but do no damage.
Urechis's ghost is heavily damaged.
Urechis's ghost hits you.
You hit urechis's ghost.
Urechis's ghost is heavily damaged.
Urechis's ghost gestures at you while chanting.
The magic dart hits you!
* * * LOW HITPOINT WARNING * * *
You closely miss urechis's ghost.
Urechis's ghost is heavily damaged.
Urechis's ghost casts a spell at you. The magic dart hits you!
You die...

># #. # ### ####### #.
# # #.# #.....# ##.
.##### #.# #.##..# ..
..... #.#####.##..# .#
. #...
#.......##..###.##...#
#...
#.########..#.......#
###...
#.....(....@W.#.#####
#>....
##########..###.#
#.#... #......# #.#...
##.###########.####
#..([.........#
###############


You could see urechis's ghost.

Vanquished Creatures
  2 adders (D:2)
  3 worms
  A giant cockroach (D:1)
  5 goblins
  2 hobgoblins (D:1)
  A jackal (D:1)
  5 kobolds
  A quokka (D:2)
  3 bats
  A giant gecko (D:2)
  4 giant newts
  9 rats
37 creatures vanquished.

Notes
Turn   | Place    | Note
--------------------------------------------------------------
     0 | D:1      | urechis the Gargoyle Wizard began the quest for the Orb.
     0 | D:1      | Reached XP level 1. HP: 10/10 MP: 4/4
   210 | D:1      | Reached XP level 2. HP: 15/15 MP: 1/6
   915 | D:2      | Reached XP level 3. HP: 13/19 MP: 1/7
  1086 | D:2      | Found a snail-covered altar of Cheibriados.
  1548 | D:2      | Reached skill level 4 in Conjurations
  1622 | D:2      | Reached XP level 4. HP: 24/24 MP: 6/8
  1735 | D:3      | Noticed urechis's ghost (average GrWz)
  1778 | D:3      | Killed from afar by urechis's ghost

Vault maps used:
D:1:      dpeg_arrival_rooms_a, serial_bayou_lagoon_b
D:2:      lemuel_upstairs_altar, cheibriados_altar_1
D:3:      hangedman_feature_mirror, uniq_crazy_yiuf_cottage

Action                   |  1- 3 |  4- 6 || total
-------------------------+-------+-------++-------
Melee: Whip              |     9 |       ||     9
       Spear             |    56 |     8 ||    64
 Cast: Magic Dart        |    72 |    12 ||    84
  Eat: Chunk             |     2 |       ||     2
